 Dungeon Crawl Stone Soup version 0.29.0-4-gdea44cf6ec (webtiles) character file.

Game seed: 2532326442350624274

583 Armakuni the Trooper (level 7, 0/56 HPs)
             Began as a Human Wanderer on Aug 27, 2022.
             Slain by an ice beast (3 damage)
             ... on level 4 of the Dungeon.
             The game lasted 00:16:08 (6448 turns).

Armakuni the Trooper (Human Wanderer)               Turns: 6448, Time: 00:16:08

Health: 0/56       AC:  2    Str: 11    XL:     7   Next: 64%
Magic:  5/10       EV: 11    Int: 20    God:
Gold:   308        SH:  0    Dex: 14    Spells: 2/10 levels left

rFire   x . .      SeeInvis .   a - +0 flail
rCold   + . .      Faith    .   (no shield)
rNeg    . . .      Spirit   .   o - +0 robe
rPois   .          Reflect  .   (no helmet)
rElec   .          Harm     .   (no cloak)
rCorr   .          Rampage  .   (no gloves)
Will    .....                   (no boots)
Stlth   +.........              A - amulet of the acrobat
HPRegen 0.18/turn               I - +6 ring of intelligence
MPRegen 0.12/turn               l - ring of ice

@: confused, ambrosia-drunk, very slightly contaminated
A: no striking features
a: no special abilities


You were on level 4 of the Dungeon.
You visited 1 branch of the dungeon, and saw 5 of its levels.

You collected 308 gold pieces.

Inventory:

Hand Weapons
 a - a +0 flail (weapon)
 b - a +2 vorpal sling
Armour
 o - a +0 robe (worn)
Jewellery
 l - a ring of ice (right hand)
 A - an amulet of the acrobat (around neck)
 I - a +6 ring of intelligence (left hand)
Scrolls
 d - 8 scrolls of teleportation
 k - 2 scrolls of fog
Potions
 f - a potion of resistance
 h - 2 potions of cancellation
 i - 2 potions of flight
 j - 2 potions of mutation {unknown}
 n - 3 potions of curing {unknown}


   Skills:
 - Level 5.0 Fighting
 - Level 1.0 Dodging
 - Level 2.0 Stealth
 - Level 2.0 Spellcasting
 - Level 5.0 Conjurations
 + Level 1.3 Fire Magic
 - Level 3.0 Poison Magic
 - Level 2.0 Evocations


You had 2 spell levels left.
You knew the following spells:

 Your Spells              Type           Power      Damage    Failure   Level
a - Stone Arrow           Conj/Erth      24%        3d8       17%         3
s - Sticky Flame          Conj/Fire      14%        2d4       41%         4
z - Sting                 Tmut/Pois      32%        1d4       9%          1

Your spell library contained the following spells:

 Spells                   Type           Power      Damage    Failure   Level
 Static Discharge         Conj/Air       12%        3-5/arc   9%          2
 Sandblast                Erth           4%         2d4       16%         1
 Ensorcelled Hibernation  Hex/Ice        6%         N/A       24%         2
 Passwall                 Tmut/Erth      1%         N/A       24%         2
 Ignite Poison            Fire/Tmut/Pois 7%         N/A       26%         3
 Spider Form              Tmut/Pois      8%         N/A       26%         3
 Anguish                  Hex/Necr       1%         N/A       83%         4
 Dispel Undead            Necr           2%         3d7       83%         4
 Summon Ice Beast         Ice/Summ       3%         N/A       83%         4
 Summon Mana Viper        Hex/Summ       2%         N/A       99%         5
 Monstrous Menagerie      Summ           1%         N/A       100%        7


Dungeon Overview and Level Annotations

Branches:
Dungeon (5/15)
 Temple: D:4-7

Altars:
Okawaru
Sif Muna

Shops:
D:1 *

Annotations:
D:5 Grinder


Message History

The ice beast hits you. The ice beast freezes you.
You climb upwards.
There is a stone staircase leading down here.
You hit the ice beast.
The ice beast is severely wounded.
The ice beast hits you.
* * * LOW HITPOINT WARNING * * *
The ice beast freezes you!
* * * LOW HITPOINT WARNING * * *
You feel much better.
The ice beast hits you but does no damage.
You feel more attuned to ice.
l - a ring of ice (right hand)
The ice beast barely misses you.
You closely miss the ice beast.
The ice beast is severely wounded.
The ice beast hits you. The ice beast freezes you. You resist.
You barely miss the ice beast.
The ice beast is severely wounded.
The ice beast hits you.
* * * LOW HITPOINT WARNING * * *
The ice beast freezes you. You resist.
* * * LOW HITPOINT WARNING * * *
The ice beast hits you.
* * * LOW HITPOINT WARNING * * *
The ice beast freezes you. You resist.
* * * LOW HITPOINT WARNING * * *
Casting: Stone Arrow (dangerous; 17% risk of failure)
Confirm with . or Enter, or press ? or * to list all spells.
Aiming: Stone Arrow (dangerous; 17% risk of failure)
Press: ? - help, Shift-Dir - straight line, f - ice beast
Aim: an ice beast (severely wounded, 68% to hit)
You miscast Stone Arrow.
You are very lightly contaminated with residual magic.
Nothing appears to happen.
The ice beast misses you.
You are confused.
You feel invigorated. The ice beast hits you.
* * * LOW HITPOINT WARNING * * *
The ice beast freezes you. You resist.
You die...

#...........<.......####
#..................##
#..................#
###########........#
##.......#####
#............
#####.......###..
#########.<........^###..
#..>....@Y############...
#......>.##..............
#...........#########....
#.........### ####.....
#........## #....#...
#........# #........
########## #...##...
######... #...


You could see an ice beast.

Vanquished Creatures
  An ice beast (D:4)
  A phantom (D:4)
  A necrophage (D:5)
  A scorpion (D:4)
  A jelly (D:5)
  A hound (D:5)
  6 gnolls (D:4)
  7 adders
  2 worms
  A dart slug (D:1)
  An orc (D:3)
  6 bats
  9 endoplasms
  6 giant cockroaches
  23 goblins
  7 hobgoblins
  9 kobolds
  2 quokkas
  6 ball pythons
  2 frilled lizards (D:3)
  8 rats
101 creatures vanquished.

Notes
Turn   | Place    | Note
-------+----------+-------------------------------------------
     0 | D:1      | Armakuni the Human Wanderer began the quest for the Orb.
     0 | D:1      | Armakuni set off with the following items: a +0 dagger, 2
                  | atropa-tipped darts, 2 datura-tipped darts, a wand of flame
                  | (3), a potion of heal wounds, a +0 robe; and the following
                  | spell memorised: Sting; and the following spells available
                  | to memorise: Ignite Poison.
     0 | D:1      | Reached XP level 1. HP: 15/15 MP: 2/2
   340 | D:1      | Found Wydauth's General Store.
   373 | D:1      | Reached XP level 2. HP: 22/22 MP: 3/3
   900 | D:1      | Reached XP level 3. HP: 28/28 MP: 2/4
  1516 | D:2      | Found a faded altar of an unknown god.
  1526 | D:2      | Learned a level 3 spell: Stone Arrow
  1698 | D:2      | Found a shimmering blue altar of Sif Muna.
  2452 | D:2      | Reached XP level 4. HP: 27/35 MP: 0/5
  4051 | D:3      | Reached XP level 5. HP: 39/43 MP: 3/6
  4494 | D:4      | Found an iron altar of Okawaru.
  4537 | D:4      | Reached skill level 5 in Fighting
  4537 | D:4      | Reached skill level 1 in Conjurations
  4537 | D:4      | Reached XP level 6. HP: 17/51 MP: 0/7
  5158 | D:4      | Noticed an ice beast
  5180 | D:4      | Killed an ice beast
  5350 | D:4      | Reached XP level 7. HP: 39/56 MP: 4/9
  5546 | D:4      | Learned a level 4 spell: Sticky Flame
  6102 | D:5      | Entered Level 5 of the Dungeon
  6199 | D:5      | Reached skill level 5 in Conjurations
  6200 | D:5      | Reached skill level 1 in Fire Magic
  6367 | D:5      | Noticed Grinder
  6367 | D:5      | Paralysed by Grinder for 2 turns
  6448 | D:4      | Slain by an ice beast

Illustrated notes

Levels and vault maps discovered:
D:1:      amcnicky_arrival_underground_garden, layout_loops_ring, serial_shops,
          shop, minmay_tromino_mix6
D:2:      layout_basic, basic_altar, shapermc_ecumenical_altar_mp_highgroup,
          minivault_11
D:3:      minmay_skewed_foursquare, layout_loops_corners, st_stairs_10
D:4:      cheibrodos_greedy_goblins, layout_rooms, lemuel_round_altar,
          dreamdust_mushroom_princess
D:5:      layout_cave_pools, mainiacjoe_overflow_brackets, nrook_pool_corridor,
          minmay_circle_x, uniq_grinder

Skill      XL: |  1  2  3  4  5  6  7 |
---------------+----------------------+-----
Fighting       | 2 3 4 5 |  5.0
Conjurations   | 1 4 5 |  5.0
Spellcasting   | 2 |  2.0
Fire Magic     | 1 |  1.3
Dodging        | |  1.0
Stealth        | |  2.0
Poison Magic   | |  3.0
Evocations     | |  2.0

Action                   |  1- 3 |  4- 6 |  7- 9 || total
-------------------------+-------+-------+-------++-------
Melee: Dagger            |    83 |    15 |       ||    98
       Punch             |     2 |     2 |     1 ||     5
       Rapier            |       |    79 |    11 ||    90
       Flail             |       |       |    36 ||    36
Throw: Dart              |     6 |       |       ||     6
 Cast: Sting             |    54 |    61 |     6 ||   121
       Stone Arrow       |       |     6 |    12 ||    18
Evoke: Wand              |     2 |     1 |       ||     3
  Use: Scroll            |     5 |     4 |     2 ||    11
       Potion            |       |     4 |     3 ||     7
 Stab: Sleeping          |     1 |     1 |       ||     2
       Invisible         |     1 |       |       ||     1
Armor: Robe              |    22 |    13 |     9 ||    44
       Skin              |       |    14 |    10 ||    24
Dodge: Dodged            |    55 |    61 |    29 ||   145
